 Dungeon Crawl Stone Soup version 0.24-a0-244-ga6a6ab7 (console) character file.

Game seed: 12462634014267663014

9263 utis the Protected (level 11, 0/69 HPs)
             Began as a Tengu Warper on Apr 10, 2019.
             Succumbed to a spiny frog's poison
             ... on level 1 of the Lair of Beasts on Apr 11, 2019.
             The game lasted 01:10:00 (20239 turns).

utis the Protected (Tengu Warper)                  Turns: 20239, Time: 01:10:01

Health: 0/69       AC: 15    Str: 17    XL:     11   Next: 43%
Magic:  1/15       EV: 13    Int: 17    God:
Gold:   185        SH:  0    Dex: 13    Spells: 0/14 levels left

rFire    + + .     SeeInvis .   a - +4 trident (venom)
rCold    + . .     Gourm    .   (no shield)
rNeg     . . .     Faith    .   Q - +3 chain mail {rC+}
rPois    .         Spirit   .   U - +1 hat {Int+3}
rElec    .         Reflect  .   (no cloak)
rCorr    .         Harm     .   (no gloves)
MR       .....                  (boots unavailable)
Stlth    ..........             B - amulet of rage
HPRegen  0.21/turn              F - ring of protection from fire
MPRegen  0.14/turn              (no ring)

@: lethally poisoned (0 -> -19), flying quickly and evasively, very slightly
contaminated, quick
A: beak, talons 3, fire resistance 1, strong 1, able to fly
a: Stop Flying, Evoke Berserk Rage


You were on level 1 of the Lair of Beasts.
You were near starving.

You visited 2 branches of the dungeon, and saw 12 of its levels.

You collected 435 gold pieces.
You spent 250 gold pieces at shops.

Inventory:

Hand Weapons
 a - a +4 trident of venom (weapon)
 b - a +3 hand crossbow of flaming
 c - a +0 shortbow of freezing
 j - a +0 shortbow
 m - a +0 falchion
 p - a +0 hunting sling
 w - a +2 hand axe of electrocution
 H - a +2 falchion of flaming
 J - a +0 rapier
 O - a +3 spear of piercing
 P - a +2 short sword of venom
 S - a +2 antimagic halberd
Missiles
 e - 5 tomahawks of dispersal {=f}
 g - 196 arrows
 i - 67 bolts
 s - 405 stones (quivered)
 v - 67 sling bullets
 E - 3 poisoned needles
 N - 2 tomahawks
Armour
 n - a +3 chain mail of positive energy
 L - a +2 leather armour of magic resistance
 M - a +0 leather armour
 Q - a +3 chain mail of cold resistance (worn)
 U - a +1 hat of intelligence (worn)
Jewellery
 B - an amulet of rage (around neck)
 F - a ring of protection from fire (left hand)
 T - an uncursed amulet of the acrobat
Wands
 k - a wand of iceblast (4)
 l - a wand of polymorph (2)
 x - a wand of paralysis (7)
 A - a wand of digging (5)
 I - a wand of clouds (1)
Scrolls
 o - a scroll of brand weapon
 r - 4 scrolls of enchant weapon
 t - a scroll of fog
 u - 2 scrolls of teleportation {@r4}
 y - a scroll of noise {unknown}
 z - 2 scrolls of amnesia
 D - a scroll of magic mapping
 G - a scroll of remove curse {@r2}
 R - a scroll of fear {unknown}
Potions
 q - a potion of magic
 K - a potion of brilliance
Comestibles
 f - 10 rations {@e1}


   Skills:
 + Level 8.6 Fighting
 - Level 3.6 Long Blades
 - Level 2.0 Axes
 - Level 1.0 Throwing
 + Level 10.9 Armour
 - Level 7.3 Dodging
 - Level 2.0 Spellcasting
 - Level 5.0 Charms
 + Level 6.4 Translocations


You couldn't memorise any spells.
You knew the following spells:

 Your Spells              Type           Power        Failure   Level  Hunger
d - Passage of Golubria   Tloc           N/A          77%         4    #####..
g - Shroud of Golubria    Chrm/Tloc      ###.......   24%         2    ###....
o - Teleport Other        Tloc           ###.....     36%         3    ###....
v - Blink                 Tloc           N/A          19%         2    ###....
Y - Lesser Beckoning      Tloc           ###.......   36%         3    ###....

Your spell library contained the following spells:

 Spells                   Type           Power        Failure   Level  Hunger
 Gell's Gravitas          Tloc           ###.......   36%         3    ###....
 Beastly Appendage        Tmut           #.....       86%         1    #......
 Sticks to Snakes         Tmut           #.......     95%         2    ###....
 Spider Form              Tmut/Pois      #.........   99%         3    ###....
 Ice Form                 Ice/Tmut       #.......     100%        4    #####..
 Blade Hands              Tmut           #.........   100%        5    ######.


Dungeon Overview and Level Annotations

Branches:
Dungeon (11/15)            Temple (0/1) D:7            Lair (1/6) D:9
    Orc (0/2) D:10

Altars:
Ashenzari
Dithmenos
Gozag
Kikubaaqudgha
Makhleb
Uskayaw
Wu Jian
Xom
Zin

Shops:
D:5 (   D:8 %}   D:10 *

Annotations:
D:10 3 runed translucent doors


Innate Abilities, Weirdness & Mutations

You have a beak for a mouth.
You have claws for feet.
You can fly continuously.
Your flesh is heat resistant. (rF+)
Your muscles are strong. (Str +2)


Message History

* * * LOW MAGIC WARNING * * *;
* * * LOW HITPOINT WARNING * * *
You feel very sick.
The spiny frog stings you but does no damage.
Casting: Blink (safe; 19% risk of failure)
Confirm with . or Enter, or press ? or * to list all spells.
You blink.
* * * LOW MAGIC WARNING * * *;
* * * LOW HITPOINT WARNING * * *
You feel very sick.
Unknown command.
* * * LOW HITPOINT WARNING * * *
You feel sick.
* * * LOW HITPOINT WARNING * * *
You feel sick.
* * * LOW HITPOINT WARNING * * *
You feel sick.
* * * LOW HITPOINT WARNING * * *
You feel sick.
* * * LOW HITPOINT WARNING * * *
You feel sick.
You die...

░░░ ░░░
░░░░░⚶░░░⚵░░░░░░░░
░░..........░...Q.░
░...........░.F..░░░
...t...............░
...░░░░░.░░░░░⚶░░░░░
..░░ ░░░ ░░░ F░░ ░░
░░░ ░ ░.░░░░░░░░░░░░
░░.....)░.░...░░


You could see a spiny frog.

Vanquished Creatures
  Harold (D:7)
  2 two-headed ogres (D:10)
  A cyclops (D:10)
  An elephant (D:9)
  A gargoyle (D:10)
  4 hippogriffs
  3 yaks (Lair:1)
  A basilisk (D:8)
  A spriggan (D:10)
  A wyvern (Lair:1)
  Menkaure (D:7)
  A hungry ghost (D:8)
  A porcupine (Lair:1)
  2 water moccasins
  2 ice beasts
  5 orc warriors
  2 phantoms
  2 black bears
  3 sky beasts
  3 ogres
  4 centaurs
  A crocodile (D:9)
  A big kobold (D:8)
  2 bullfrogs
  3 wyvern zombies
  A wyvern skeleton (D:10)
  A water moccasin skeleton (D:7)
  3 howler monkeys
  5 crimson imps
  A jelly (D:9)
  2 quasits
  2 bullfrog zombies
  4 bullfrog skeletons
  5 orc priests
  5 hounds
  7 orc wizards
  A centaur skeleton (D:10)
  Jessica (D:3)
  Terence (D:2)
  3 iguanas
  5 worker ants
  A killer bee zombie (D:6)
  A hound zombie (D:6)
  A howler monkey zombie (D:6)
  4 worker ant zombies
  5 gnolls
  14 adders
  3 shadow imps
  2 oozes (D:1)
  3 adder zombies
  4 adder skeletons
  5 worms
  3 dart slugs
  5 leopard geckos
  37 orcs
  10 bats
  8 giant cockroaches
  9 goblins
  4 hobgoblins
  10 jackals
  8 kobolds
  2 quokkas
  2 ball pythons
  3 frilled lizards
  A giant cockroach zombie (D:6)
  2 jackal skeletons
  2 quokka skeletons
  A quokka zombie (D:6)
  8 rats
254 creatures vanquished.

Vanquished Creatures (others)
  A kobold (D:8)
  3 fungi (Lair:1)
  7 plants (Lair:1)
11 creatures vanquished.

Grand Total: 265 creatures vanquished

Notes
Turn   | Place    | Note
-------+----------+-------------------------------------------
     0 | D:1      | utis the Tengu Warper began the quest for the Orb.
     0 | D:1      | Reached XP level 1. HP: 12/12 MP: 4/4
   201 | D:1      | Reached XP level 2. HP: 17/17 MP: 6/6
   205 | D:1      | Learned a level 2 spell: Shroud of Golubria
   208 | D:1      | Learned a level 2 spell: Blink
   573 | D:1      | Reached XP level 3. HP: 18/21 MP: 7/7
  1304 | D:2      | Noticed Terence
  1321 | D:2      | Killed Terence
  1321 | D:2      | Reached XP level 4. HP: 22/26 MP: 4/8
  1801 | D:2      | Learned a level 3 spell: Teleport Other
  2317 | D:3      | Gained mutation: You can fly continuously. [Tengu growth]
  2317 | D:3      | Reached XP level 5. HP: 31/31 MP: 7/9
  2547 | D:3      | Noticed Jessica
  2558 | D:3      | Killed Jessica
  2558 | D:3      | Reached skill level 1 in Axes
  3145 | D:3      | Reached XP level 6. HP: 31/37 MP: 10/10
  4371 | D:3      | Reached skill level 2 in Armour
  5112 | D:4      | Reached skill level 3 in Armour
  5113 | D:4      | Reached XP level 7. HP: 43/43 MP: 11/11
  5174 | D:4      | Found a burning altar of Makhleb.
  5174 | D:4      | Noticed an Executioner
  5177 | D:4      | Noticed a neqoxec
  5177 | D:4      | Noticed a neqoxec
  5688 | D:5      | Entered Level 5 of the Dungeon
  5725 | D:5      | Reached skill level 1 in Charms
  5939 | D:5      | Reached skill level 4 in Armour
  6178 | D:5      | Found Dynoloqo's Weapon Emporium.
  6239 | D:5      | Found an opulent altar of Gozag.
  6742 | D:5      | Reached XP level 8. HP: 45/48 MP: 12/12
  6844 | D:5      | Found a shimmering altar of Xom.
  7118 | D:5      | Reached skill level 5 in Armour
  7282 | D:5      | Learned a level 4 spell: Passage of Golubria
  7944 | D:6      | Reached skill level 6 in Armour
  8290 | D:6      | Reached XP level 9. HP: 52/52 MP: 13/13
  8341 | D:6      | Reached skill level 5 in Translocations
  8958 | D:7      | Noticed Menkaure
  8981 | D:7      | Killed Menkaure
  9384 | D:7      | Noticed Harold
 10123 | D:8      | Found a glowing silver altar of Zin.
 10278 | D:8      | Reached skill level 7 in Armour
 10807 | D:8      | Found Kune Veu's Food Shoppe.
 10848 | D:8      | Found a shattered altar of Ashenzari.
 10859 | D:8      | Found a burning altar of Makhleb.
 11394 | D:8      | Found Reovuos's Gadget Shop.
 11598 | D:8      | Found an ornate altar of the Wu Jian Council.
 11706 | D:9      | Reached skill level 5 in Charms
 11757 | D:9      | Found a staircase to the Lair.
 11757 | D:9      | Noticed an elephant
 12355 | D:8      | Found a glowing silver altar of Zin.
 12387 | D:8      | Found a burning altar of Makhleb.
 12407 | D:8      | Found an ornate altar of the Wu Jian Council.
 12423 | D:8      | Found a shattered altar of Ashenzari.
 12435 | D:8      | Found Reovuos's Gadget Shop.
 12447 | D:8      | Found Kune Veu's Food Shoppe.
 12536 | D:8      | Reached skill level 8 in Armour
 12608 | D:8      | Found a shattered altar of Ashenzari.
 12624 | D:8      | Found a burning altar of Makhleb.
 12652 | D:8      | Reached XP level 10. HP: 29/57 MP: 14/14
 13213 | D:9      | Killed an elephant
 13213 | D:9      | Reached skill level 5 in Fighting
 13213 | D:9      | Reached skill level 5 in Dodging
 13411 | D:9      | Found a shadowy altar of Dithmenos.
 13464 | D:9      | Found a hide-covered altar of Uskayaw.
 13467 | D:9      | Noticed a +0 hand axe
 13467 | D:9      | Noticed a +0 dagger
 13472 | D:9      | Found an ancient bone altar of Kikubaaqudgha.
 13532 | D:10     | Entered Level 10 of the Dungeon
 14483 | D:10     | Noticed a cyclops
 14595 | D:10     | Noticed a gargoyle
 14623 | D:10     | sigh
 15165 | D:7      | Found a staircase to the Ecumenical Temple.
 15176 | D:7      | Reached skill level 9 in Armour
 15189 | D:7      | Found a staircase to the Ecumenical Temple.
 16452 | D:7      | Killed Harold
 16729 | Lair:1   | Entered Level 1 of the Lair of Beasts
 16760 | Lair:1   | Noticed a black mamba
 17000 | D:10     | Killed a gargoyle
 17334 | D:10     | Reached XP level 11. HP: 42/67 MP: 11/15
 17457 | D:10     | Found a staircase to the Orcish Mines.
 17524 | D:10     | Noticed a two-headed ogre
 17618 | D:10     | Killed a two-headed ogre
 17618 | D:10     | Reached skill level 10 in Armour
 17902 | D:10     | Found Joynet's Assorted Antiques.
 17914 | D:10     | Bought an embroidered hat for 175 gold pieces
 17914 | D:10     | Bought a scroll of teleportation for 75 gold pieces
 17961 | D:10     | Found a runed translucent gate.
 17973 | D:10     | Found a runed translucent gate.
 17973 | D:10     | Noticed a two-headed ogre
 17991 | D:10     | Killed a two-headed ogre
 18037 | D:10     | Noticed a white ugly thing
 18169 | D:10     | Found a runed translucent gate.
 18169 | D:10     | Noticed a cyan ugly thing
 18169 | D:10     | Noticed a brown ugly thing
 18170 | D:10     | Noticed a purple ugly thing
 18170 | D:10     | Noticed a brown very ugly thing
 18171 | D:10     | Noticed a brown ugly thing
 18171 | D:10     | Noticed a glowing orange brain
 18171 | D:10     | Noticed a red ugly thing
 18201 | D:10     | Killed a cyclops
 18355 | D:10     | Learned a level 3 spell: Lesser Beckoning
 18714 | D:11     | sigh
 20228 | Lair:1   | Gained mutation: Your muscles are strong. (Str +2) [potion
                  | of mutation]
 20228 | Lair:1   | Gained mutation: Your flesh is heat resistant. (rF+)
                  | [potion of mutation]
 20237 | Lair:1   | HP: 3/69 [poisoned by a spiny frog]
 20239 | Lair:1   | Succumbed to a spiny frog's poison

Levels and vault maps discovered:
D:1:      dpeg_arrival_fog, layout_loops_ring, minmay_tiny_reverse_x
D:2:      layout_rooms, first_ration, uniq_terence
D:3:      layout_basic, wad_floor_pattern_2, uniq_jessica
D:4:      layout_loops_ring, makhleb_altar_promises_db
D:5:      layout_loops_corners, nicolae_gozag_cash_rules_everything_around_me,
          xom_teletrap_fun, serial_shops, kennysheep_mini
D:6:      layout_basic, serial_undead, serial_undead_d, serial_undead_d,
          serial_undead_c, serial_undead_f, serial_undead_a
D:7:      layout_gridville, minmay_temple_entry_proselytizer,
          kennysheep_generic_room_8, uniq_menkaure, uniq_harold
D:8:      layout_rooms, cheibrodos_ashenzari_chains, old_standard_altar,
          lemuel_crystal_altar, serial_shops, nicolae_shop_window_shopping,
          shop, basic_altar
D:9:      layout_basic, old_standard_altar, dancing_weapons_uskayaw,
          david_lair_generic, basic_altar
D:10:     layout_stronghold, david_orc_2, serial_shops, shop_fountains,
          ploomutoo_gammafunk_ghost_potion_laboratory, the_bakery, st_stairs_6,
          minmay_sticks_and_stones
D:11:     layout_roguey, chequers_serial_rivers_room_b, minmay_crystal_water,
          lightli_corner_chamber, uniq_nergalle
Lair:1:   layout_concentric_octagons, ebering_ghost_funeral_grove,
          beast_lair_carwin_5, serial_bayou_shore_b

Skill      XL: |  1  2  3  4  5  6  7  8  9 10 11 |
---------------+----------------------------------+-----
Long Blades    | 3 |  3.6
Dodging        | 3 4 7 |  7.3
Axes           | 1 2 |  2.0
Fighting       | 3 4 7 8 |  8.6
Armour         | 3 4 6 8 9 10 | 10.9
Charms         | 2 4 5 |  5.0
Translocations | 3 4 6 |  6.4
Throwing       | |  1.0
Spellcasting   | |  2.0

Action                   |  1- 3 |  4- 6 |  7- 9 | 10-12 || total
-------------------------+-------+-------+-------+-------++-------
Melee: Falchion          |    55 |       |     1 |       ||    56
       Kick              |    18 |    31 |   101 |    90 ||   240
       Peck              |     5 |    24 |    59 |    57 ||   145
       Unarmed           |     3 |     1 |       |       ||     4
       Hand axe          |       |   173 |   351 |   162 ||   686
       Rapier            |       |       |     7 |       ||     7
       Short sword       |       |       |       |    36 ||    36
       Trident           |       |       |       |   129 ||   129
 Fire: Shortbow          |       |       |    13 |       ||    13
       Hunting sling     |       |       |     4 |       ||     4
       Hand crossbow     |       |       |    15 |    33 ||    48
Throw: Stone             |       |     9 |     8 |     5 ||    22
 Cast: Shroud of Golubri |     5 |    10 |     1 |    20 ||    36
       Teleport Other    |       |       |       |     6 ||     6
       Blink             |       |       |       |     4 ||     4
 Abil: Fly               |       |     1 |       |       ||     1
       Evoke Berserk Rag |       |       |       |     1 ||     1
Evoke: Wand              |       |       |       |     6 ||     6
  Use: Scroll            |       |     6 |     6 |    11 ||    23
       Potion            |       |       |     7 |     4 ||    11
 Stab: Sleeping          |     1 |       |       |       ||     1
       Confused          |       |       |       |     2 ||     2
  Eat: Chunk             |     2 |    13 |    16 |    11 ||    42
       Ration            |       |       |     6 |     4 ||    10
Armor: Leather armour    |    17 |    22 |       |       ||    39
       Chain mail        |       |    40 |   252 |   207 ||   499
Dodge: Dodged            |    34 |   102 |   205 |   233 ||   574
       Rpst.: Falchion   |    15 |       |       |       ||    15

Table legend:
 A = Non-vault XP
 B = Vault XP
 C = Vault XP percentage of total XP
 D = Non-vault monster count
 E = Vault monster count
 F = Vault count percentage of total count
                 A         B        C        D         E       F
            +---------+---------+-------+---------+---------+-------
      Total |    9092 |    4142 |  31.3 |     220 |      35 |  13.7
            +---------+---------+-------+---------+---------+-------
        D:1 |      43 |       4 |   8.5 |      19 |       2 |   9.5
        D:2 |      65 |      36 |  35.6 |      17 |       1 |   5.6
        D:3 |     361 |      37 |   9.3 |      34 |       1 |   2.9
        D:4 |     163 |       0 |   0.0 |      18 |       0 |   0.0
        D:5 |     860 |       0 |   0.0 |      22 |       0 |   0.0
        D:6 |     780 |     290 |  27.1 |      23 |      13 |  36.1
        D:7 |     717 |    1199 |  62.6 |      11 |       4 |  26.7
        D:8 |     740 |     477 |  39.2 |      20 |       2 |   9.1
        D:9 |     647 |     583 |  47.4 |      20 |       2 |   9.1
       D:10 |    3344 |    1516 |  31.2 |      27 |      10 |  27.0
       D:11 |     139 |       0 |   0.0 |       2 |       0 |   0.0
     Lair:1 |    1233 |       0 |   0.0 |       7 |       0 |   0.0
            +---------+---------+-------+---------+---------+-------
